 Dungeon Crawl Stone Soup version 0.29.1-4-g47bece8355 (webtiles) character file.

Game seed: 1406829399181027632

26335 fishmans the Severer (level 12, -2/108 HPs)
             Began as a Minotaur Berserker on Dec 2, 2022.
             Was an Elder of Trog.
             Slain by an elephant (14 damage)
             ... on level 3 of the Lair of Beasts on Dec 3, 2022.
             The game lasted 03:33:01 (24269 turns).

fishmans the Severer (Minotaur Berserker)          Turns: 24269, Time: 03:33:02

Health: -2/108     AC: 15    Str: 33    XL:     12   Next: 97%
Magic:  11/11      EV:  9    Int:  4    God:    Trog [****..]
Gold:   603        SH:  5    Dex: 10    Spells: 11/11 levels left

rFire   . . .      SeeInvis .   O - +6 halberd (distort)
rCold   . . .      Faith    .   (shield currently unavailable)
rNeg    . . .      Spirit   .   q - +1 plate armour
rPois   +          Reflect  +   (helmet restricted)
rElec   .          Harm     .   (no cloak)
rCorr   .          Rampage  .   (no gloves)
Will    ++...                   (no boots)
Stlth   ..........              u - amulet of reflection
HPRegen 1.28/turn               h - ring of poison resistance
MPRegen 0.12/turn               I - +6 ring of strength

@: about to teleport, strong-willed, regenerating
A: horns 2, retaliatory headbutt
a: Renounce Religion, Berserk, Trog's Hand, Brothers in Arms


You were on level 3 of the Lair of Beasts.
You worshipped Trog.
Trog was greatly pleased with you.
You visited 2 branches of the dungeon, and saw 15 of its levels.
You also visited: Ossuary.

You collected 685 gold pieces.
You spent 82 gold pieces at shops.

Inventory:

Hand Weapons
 a - a +0 hand axe
 y - a +4 flail of venom
 B - a +4 spear of venom
 E - a +0 war axe
 K - a +2 mace of holy wrath
 M - a +0 mace
 O - a +6 halberd of distortion (weapon)
 P - a +0 morningstar of venom
 V - a +0 morningstar
Missiles
 d - 104 stones
 t - 5 throwing nets
 C - 9 poisoned darts
 D - 2 atropa-tipped darts
 L - 6 curare-tipped darts
Armour
 b - a +0 animal skin
 c - a +0 chain mail
 p - a +0 ring mail
 q - a +1 plate armour (worn)
 G - a +0 kite shield
Jewellery
 h - a ring of poison resistance (left hand)
 u - an amulet of reflection (around neck)
 w - a ring of fire
 I - a +6 ring of strength (right hand)
 T - a ring of willpower
 X - a +6 ring of dexterity
Wands
 v - a wand of acid (11)
 F - a wand of roots (8) (quivered)
 J - a wand of polymorph (6)
 W - a wand of mindburst (4)
Scrolls
 f - 4 scrolls of teleportation
 g - 3 scrolls of noise
 j - 3 scrolls of magic mapping
 o - a scroll of immolation
 s - a scroll of silence
 x - 6 scrolls of identify
 N - 4 scrolls of poison
 Q - 2 scrolls of fear
 S - a scroll of fog
 Y - 4 scrolls of blinking
Potions
 e - 4 potions of curing
 i - 2 potions of ambrosia
 k - 5 potions of attraction
 l - 7 potions of degeneration
 m - 3 potions of brilliance
 n - 4 potions of haste
 r - 4 potions of flight
 z - 2 potions of heal wounds
 A - 3 potions of lignification
 U - a potion of might
 Z - a potion of resistance


   Skills:
 + Level 10.7 Fighting
 - Level 18.0(18.6) Axes
 + Level 7.6(13.9) Polearms
 + Level 7.4 Throwing
 + Level 10.4 Armour
 - Level 2.9 Dodging
 + Level 3.8 Evocations


You had 11 spell levels left.
You didn't know any spells.
Your spell library was empty.

Dungeon Overview and Level Annotations

Branches:
Dungeon (11/15)            Temple (0/1) D:4            Lair (4/5) D:10
 Spider (0/4) Lair:2          Orc (0/2) D:10        Ossuary (visited)
  Swamp: Lair:2-3    Shoals: Lair:2-3     Slime: Lair:4-5

Altars:
Ashenzari
Hepliaklqana
Kikubaaqudgha
Makhleb
Okawaru
Qazlal
Ru
Sif Muna
Xom
Yredelemnul
Zin

Shops:
D:7 *   D:9 (

Annotations:
D:3 1 runed translucent door, Crazy Yiuf
D:10 exclusion: ice statue
Lair:1 2 transporters, ratmagoo's ghost, journeyman GrEE
Lair:3 exclusion: oklob plant


Innate Abilities, Weirdness & Mutations

You have a pair of horns on your head.
You reflexively headbutt those who attack you in melee.


Message History

You block the yak's attack. The elephant tramples you.
You hold your ground!
The elephant trunk-slaps you but does no damage.
The elephant tramples you but does no damage.
The elephant trunk-slaps you but does no damage.
The elephant tramples you!
You hold your ground!
The elephant barely misses you. x2
The elephant trunk-slaps you but does no damage.
The blink frog hits you.
As you read the scroll of teleportation, it crumbles to dust.
You feel strangely unstable. The elephant tramples you!
You hold your ground!
You block the elephant's attack. The yak gores you but does no damage.
The elephant closely misses you. The elephant barely misses you.
The elephant tramples you but does no damage.
The elephant closely misses you.
The elephant tramples you but does no damage.
The elephant trunk-slaps you but does no damage.
The elephant tramples you.
You hold your ground!
The elephant trunk-slaps you but does no damage.
The blink frog barely misses you.
You hit the yak.
Space warps around the yak.
The yak is lightly wounded.
The blink frog hits you!
* * * LOW HITPOINT WARNING * * *
The blink frog blinks!
The elephant tramples you.
* * * LOW HITPOINT WARNING * * *
You hold your ground!
The elephant trunk-slaps you.
* * * LOW HITPOINT WARNING * * *
The yak gores you.
* * * LOW HITPOINT WARNING * * *
The elephant tramples you.
* * * LOW HITPOINT WARNING * * *
You hold your ground!
The elephant trunk-slaps you but does no damage.
You block the elephant's attack. The elephant trunk-slaps you.
* * * LOW HITPOINT WARNING * * *
The elephant tramples you but does no damage.
The elephant trunk-slaps you.
* * * LOW HITPOINT WARNING * * *
The elephant tramples you!
You die...

.# #.......# .#
##.......# ####
#####........#
##.###..##........#
..................#
..................##
...................#
...............FYY##
...............Y@§P#
...............YYYP#
..................##
.##.#.#...#.##..###
########.########
###


You could see 5 elephants, a yak and a blink frog.

Vanquished Creatures
  2 hydras
  Harold (D:9)
  Erica (D:8)
  2 two-headed ogres
  Sonja (Lair:3)
  Pikel (D:7)
  An ugly thing (D:11)
  A cyclops (D:11)
  A black mamba (D:10)
  Maurice (D:7)
  Joseph (D:8)
  A gargoyle (D:11)
  5 cane toads
  A demonic crawler (Lair:2)
  7 komodo dragons
  A rime drake (Lair:2)
  Psyche (D:8)
  4 unseen horror zombies (D:9)
  A polar bear (Lair:1)
  3 trolls
  3 hornets
  4 blink frogs (Lair:3)
  A wraith (D:10)
  29 yaks
  2 humans (D:9)
  4 basilisks
  5 wyverns
  Edmund (D:4)
  An acid dragon (D:10)
  7 water moccasins
  2 orc warriors
  A sky beast (D:6)
  3 black bears
  2 hornet zombies (D:9)
  An ogre (D:4)
  4 centaurs
  3 phantoms
  2 lemures (D:7)
  2 elf zombies
  8 bullfrogs
  A kobold brigand (D:9)
  2 necrophages
  2 gnoll sergeants
  7 scorpions
  5 wights
  2 elf skeletons (D:4)
  2 oklob saplings (D:8)
  6 killer bees (D:9)
  2 howler monkeys
  A centaur zombie (D:9)
  2 hounds
  2 human zombies (Ossuary)
  4 orc priests
  3 jellies
  4 iguanas
  4 orc wizards
  Terence (D:2)
  A killer bee zombie (D:9)
  2 mummies (Ossuary)
  A howler monkey zombie (D:9)
  19 gnolls
  13 adders
  A shadow imp (D:8)
  2 white imps
  An ufetubus (D:4)
  3 dart slugs
  11 orcs
  12 ball pythons
  6 bats
  3 endoplasms
  5 giant cockroaches
  5 goblins
  9 hobgoblins
  A jackal (D:8)
  3 quokkas
  8 frilled lizards
  5 goblin zombies (Ossuary)
  8 hobgoblin zombies (Ossuary)
  7 kobolds
  9 kobold zombies (Ossuary)
  3 orc skeletons (D:4)
  13 orc zombies
  4 rats
  4 rat zombies (Ossuary)
  A bush (Lair:1)
332 creatures vanquished.

Vanquished Creatures (others)
  17 fungi
  79 plants
96 creatures vanquished.

Grand Total: 428 creatures vanquished

Notes
Turn   | Place    | Note
-------+----------+-------------------------------------------
     0 | D:1      | fishmans the Minotaur Berserker began the quest for the
                  | Orb.
     0 | D:1      | Reached XP level 1. HP: 19/19 MP: 0/0
   486 | D:1      | Reached XP level 2. HP: 19/27 MP: 1/1
   846 | D:1      | Reached skill level 4 in Axes
  1486 | D:1      | Reached XP level 3. HP: 33/33 MP: 2/2
  1608 | D:2      | Noticed Terence
  1628 | D:2      | Killed Terence
  1696 | D:2      | Reached ** piety under Trog
  1954 | D:2      | Identified the +7 sling "Xujesm" {freeze, Contam rPois rC+
                  | Str+2}
  2192 | D:2      | Found a faded altar of an unknown god.
  2274 | D:2      | Reached XP level 4. HP: 37/40 MP: 3/3
  2895 | D:3      | Reached skill level 5 in Axes
  2995 | D:3      | Noticed a black bear
  3010 | D:3      | Killed a black bear
  3011 | D:3      | Reached skill level 6 in Axes
  3011 | D:3      | Reached XP level 5. HP: 46/46 MP: 4/4
  3318 | D:3      | Found a runed translucent door.
  3319 | D:3      | Noticed Crazy Yiuf
  3474 | D:4      | Noticed an ogre
  3496 | D:4      | Killed an ogre
  3497 | D:4      | Reached skill level 7 in Axes
  3497 | D:4      | Reached XP level 6. HP: 52/52 MP: 5/5
  3568 | D:4      | Reached skill level 8 in Axes
  3643 | D:4      | Found a sand-covered staircase.
  3648 | Ossuary  | Entered an ossuary
  3697 | Ossuary  | Reached *** piety under Trog
  3789 | Ossuary  | Reached XP level 7. HP: 59/59 MP: 6/6
  3816 | Ossuary  | Reached skill level 9 in Axes
  3994 | D:4      | Found a staircase to the Ecumenical Temple.
  4041 | D:4      | Noticed Edmund
  4059 | D:4      | Killed Edmund
  4201 | D:4      | Reached skill level 10 in Axes
  5141 | D:5      | Entered Level 5 of the Dungeon
  5258 | D:5      | Reached skill level 11 in Axes
  5258 | D:5      | Reached XP level 8. HP: 66/66 MP: 7/7
  5588 | D:5      | Found a sacrificial altar of Ru.
  6452 | D:5      | Identified the +3 leather armour of Perfidy {rElec Will-
                  | Str+3 Dex-4}
  6485 | D:5      | Reached **** piety under Trog
  6486 | D:5      | Reached skill level 12 in Axes
  6964 | D:5      | Found a glowing silver altar of Zin.
  7795 | D:6      | Reached skill level 13 in Axes
  8367 | D:6      | Reached XP level 9. HP: 71/71 MP: 8/8
  9035 | D:7      | Found Gying's General Store.
  9038 | D:7      | Bought a scroll of enchant armour for 82 gold pieces
  9689 | D:7      | Reached skill level 14 in Axes
 10309 | D:8      | Noticed Maurice
 10466 | D:7      | Reached skill level 15 in Axes
 10477 | D:7      | Killed Maurice
 10621 | D:7      | Reached skill level 16 in Axes
 10815 | D:8      | Noticed Pikel
 10863 | D:7      | Killed Pikel
 10864 | D:7      | Reached XP level 10. HP: 62/79 MP: 9/9
 10998 | D:8      | Noticed Psyche
 11005 | D:8      | Killed Psyche
 11006 | D:8      | Reached skill level 17 in Axes
 11230 | D:8      | Noticed Joseph
 11257 | D:8      | Killed Joseph
 11333 | D:8      | Noticed Erica
 11358 | D:8      | Killed Erica
 11359 | D:8      | Reached skill level 5 in Fighting
 11442 | D:8      | Paralysed by a hornet for 1 turns
 11598 | D:8      | Reached skill level 5 in Armour
 11908 | D:8      | Found a shimmering altar of Xom.
 11908 | D:8      | Found a stormy altar of Qazlal.
 11910 | D:8      | Found a hazy altar of Hepliaklqana.
 12355 | D:9      | Reached skill level 1 in Throwing
 12767 | D:9      | Found an ancient bone altar of Kikubaaqudgha.
 13000 | D:9      | Noticed Harold
 13337 | D:9      | Found a basalt altar of Yredelemnul.
 13467 | D:9      | Found Ymneiff's Antique Weapon Boutique.
 13763 | D:9      | Noticed a two-headed ogre
 13766 | D:9      | Killed a two-headed ogre
 13767 | D:9      | Reached XP level 11. HP: 75/92 MP: 10/10
 13849 | D:9      | Found a broken altar of Ashenzari.
 14207 | D:9      | Reached skill level 18 in Axes
 14433 | D:9      | Killed Harold
 14615 | D:9      | Found an iron altar of Okawaru.
 14937 | D:10     | Entered Level 10 of the Dungeon
 14951 | D:10     | Reached skill level 1 in Polearms
 14991 | D:10     | You fall into a shaft and drop 1 floor!
 15195 | D:11     | Noticed a two-headed ogre
 15211 | D:11     | Killed a two-headed ogre
 15592 | D:11     | Noticed a purple ugly thing
 15628 | D:11     | Killed a purple ugly thing
 16260 | D:11     | Noticed a five-headed hydra
 16470 | D:10     | Found a burning altar of Makhleb.
 17341 | D:10     | Reached skill level 5 in Throwing
 17626 | D:10     | Found a shimmering blue altar of Sif Muna.
 17728 | D:10     | Found a staircase to the Orcish Mines.
 17864 | D:10     | Identified the +5 whip of Qank {spect, rF++ Str-3}
 18095 | D:10     | Found a staircase to the Lair.
 18392 | Lair:1   | Entered Level 1 of the Lair of Beasts
 18413 | Lair:1   | Found a transporter.
 18585 | Lair:1   | Noticed a boulder beetle
 18607 | Lair:1   | Banished a boulder beetle
 18612 | Lair:1   | Reached skill level 5 in Polearms
 18612 | Lair:1   | Reached XP level 12. HP: 87/104 MP: 11/11
 18680 | Lair:1   | Noticed ratmagoo's ghost (journeyman GrEE)
 18680 | Lair:1   | Found the +3 crown of Dyrovepreva {rElec Int+2 SInv}
 19386 | Lair:1   | You fall into a shaft and drop 1 floor!
 19453 | Lair:2   | Noticed a seven-headed hydra
 19681 | Lair:1   | Found a transporter.
 20013 | Lair:2   | Reached skill level 1 in Evocations
 20425 | Lair:2   | Found a hole to the Spider Nest.
 20922 | Lair:2   | Reached skill level 10 in Fighting
 21461 | Lair:3   | Noticed Sonja
 21467 | Lair:3   | Killed Sonja
 21748 | Lair:3   | Reached skill level 10 in Armour
 22160 | Lair:3   | Noticed a five-headed hydra
 22315 | Lair:3   | Killed a nine-headed hydra
 23260 | Lair:2   | Killed a ten-headed hydra
 24039 | Lair:4   | Noticed a seven-headed hydra
 24269 | Lair:3   | Slain by an elephant

Illustrated notes

Levels and vault maps discovered:
D:1:      kennysheep_arrival_seaside, layout_rooms, st_stairs_4
D:2:      layout_basic, shapermc_ecumenical_altar_mp_ritualfount, uniq_terence
D:3:      layout_basic, amethyst_killhole, uniq_crazy_yiuf_cottage
D:4:      layout_cave_pods, minmay_temple_entry_glass,
          nicolae_ossuary_entry_catacombs, uniq_edmund
D:5:      layout_basic, zin_treasury, nicolae_ru_the_path_less_chosen,
          minmay_holes
D:6:      layout_loops_corners
D:7:      layout_gridville, serial_shops, nicolae_shop_behind_doors
D:8:      layout_rooms, minitemple, introduction_to_nature_1, uniq_erica,
          uniq_maurice, uniq_psyche, uniq_joseph, uniq_pikel
D:9:      layout_irregular_city, nicolae_kikubaaqudgha_miasma_corner,
          okawaru_humans, nicolae_yredelemnul_corpse_copse, marbit_many_paths,
          serial_shops, nicolae_shop_overgrown_old_shop, uniq_harold
D:10:     layout_basic, lemuel_blue_sif_altar, bloody_makhleb, erik_lair_dragon,
          orc_0_dummy, minivault_16, corexii_leaking_fountain
D:11:     layout_cave_pods
Lair:1:   layout_misc_corridors, gammafunk_ghost_berserking_beasts, st_stairs_7
Lair:2:   layout_gridlike, elwin_shoals_entry_rooms,
          nicolae_spider_entry_non_spiders
Lair:3:   layout_big_grid, serial_bayou_lagoon_a, lemuel_centaur_altar,
          lemuel_fruit_fields, grunt_megastairs_3, infiniplex_staircase_pool_2,
          uniq_sonja
Lair:4:   layout_cave_pods, serial_bayou, serial_bayou_ford_a,
          serial_bayou_pond_d, serial_bayou_lagoon_b, serial_bayou_pond_d

Skill      XL: |  1  2  3  4  5  6  7  8  9 10 11 12 |
---------------+-------------------------------------+-----
Axes           | 4 6 7 8 11 13 16 17 18 | 18.0
Fighting       | 4 7 9 10 | 10.7
Armour         | 3 6 8 10 | 10.4
Throwing       | 2 5 7 |  7.4
Polearms       | 5 7 |  7.6
Evocations     | 3 |  3.8
Dodging        | |  2.9

Action                   |  1- 3 |  4- 6 |  7- 9 | 10-12 || total
-------------------------+-------+-------+-------+-------++-------
Melee: Hand axe          |    93 |   146 |    63 |       ||   302
       Headbutt          |    19 |    31 |    61 |   110 ||   221
       Punch             |     1 |     1 |       |       ||     2
       Flail             |       |       |   230 |       ||   230
       War axe           |       |       |    27 |   282 ||   309
       Unarmed           |       |       |       |     3 ||     3
       Halberd           |       |       |       |   244 ||   244
Throw: Dart              |       |       |       |    57 ||    57
Invok: Berserk           |       |     1 |     1 |     1 ||     3
       Trog's Hand       |       |       |     5 |    12 ||    17
       Brothers in Arms  |       |       |       |     1 ||     1
Evoke: Wand              |       |     2 |       |     2 ||     4
  Use: Scroll            |     8 |     1 |     8 |     6 ||    23
       Potion            |       |       |     6 |     3 ||     9
Armor: Chain mail        |    41 |     5 |       |       ||    46
       Plate armour      |       |    58 |   132 |   259 ||   449
       Skin              |       |       |       |     1 ||     1
Dodge: Dodged            |    40 |    30 |    91 |   146 ||   307
Block: Other             |       |    12 |    49 |    50 ||   111
       Kite shield       |       |       |    18 |   148 ||   166
       Reflection        |       |       |       |    10 ||    10
